AoeStats
← DKing

Coastal Forest

510603748Analyzed
4v4 RM · 19h ago on Oct 1, 2026· 19m 30s· 8 players
Game mode
Random Map
Map size
Large (8 player)
Population
200
Speed
Normal
Resources
Standard
Victory
Conquest
Starting age
Dark Age
Ending age
Imperial Age
RankedLock teamsTeams togetherTeam positionsShared explorationLock speedFull tech treeHidden civsTurbo modeCheats
Victory
Defeat
🇬🇧 Khmer · United Kingdom
1304
+14
🇬🇧 Ethiopians · United Kingdom
1258
+15
🇺🇸 Italians · United States
1236
+16
🇵🇹 Huns · Portugal
1199
+18
🇹🇷 Japanese · Türkiye
1270
-17
1260
-16
🇬🇧 Danes · United Kingdom
1225
-15
🇹🇷 Franks · Türkiye
1221
-15
Hekimoglu
6:25 Loom
10:51 Feudal Age
12:39 Double-Bit Axe
16:48 Castle Age
14:54 Gold Mining
16:16 Fletching
17:01 Padded Archer Armor
Nectarine
2:31 Loom
10:20 Feudal Age
18:24 Castle Age
16:41 Double-Bit Axe
16:59 Fletching
EşrefÇift
2:33 Loom
10:47 Feudal Age
16:59 Castle Age
15:56 Double-Bit Axe
19:49 Scale Barding Armor
GAMARÚS de CAGABANDÚRRIES
5:42 Loom
12:14 Feudal Age
13:55 Double-Bit Axe
17:01 Castle Age
15:50 Fletching
16:03 Padded Archer Armor
17:41 Bodkin Arrow
18:57 Bow Saw
MoonlightS96
9:00 Feudal Age
9:23 Horse Collar
9:31 Double-Bit Axe
10:00 Loom
12:27 Horse Collar
17:34 Castle Age
17:12 Stone Mining
18:18 Town Watch
18:46 Bow Saw
AoR | StubbyTheAngryBeaver
8:05 Loom
10:16 Feudal Age
13:55 Scale Barding Armor
14:08 Forging
15:58 Horse Collar
16:06 Double-Bit Axe
21:08 Castle Age
DizzyLeChuck
7:15 Loom
10:33 Feudal Age
11:12 Double-Bit Axe
13:37 Fletching
13:48 Padded Archer Armor
15:35 Horse Collar
18:34 Wheelbarrow
DKing
12:26 Feudal Age
12:54 Loom
16:35 Castle Age
14:42 Double-Bit Axe
14:59 Horse Collar
15:29 Fishing Lines
18:32 Bow Saw
19:10 Bow Saw
Connection lost

Rejoining the realm…

Still unreachable

The connection could not be restored.

Session expired

The server has moved on; the page needs a fresh start.